 Dungeon Sprint DCSS version 0.24.0-123-gd5b16e6ec5 (webtiles) character file.

Game seed: 12199198897487069248, levelgen mode: deterministic

259 McKennaii the Destroyer (level 5, -1/33 (38) HPs)
             Began as a Draconian Conjurer on Jan 26, 2020.
             Slain by a necrophage (3 damage)
             ... in the Dungeon (Sprint II: "The Violet Keep of Menkaure").
             The game lasted 00:00:43 (55 turns).

McKennaii the Destroyer (Draconian Conjurer)          Turns: 55, Time: 00:00:43

HP:   -1/33 (38)    AC:  5    Str: 11    XL:     5   Next: 95%
MP:   1/12          EV: 13    Int: 16    God:
Gold: 0             SH:  0    Dex: 11    Spells: 13/14 levels left

rFire    . . .     SeeInvis .   (no weapon)
rCold    . . .     Gourm    .   (no shield)
rNeg     . . .     Faith    .   (armour unavailable)
rPois    .         Spirit   .   (helmet restricted)
rElec    .         Reflect  .   (no cloak)
rCorr    .         Harm     .   (no gloves)
MR       .....     NoTele   +   (no boots)
Stlth    ++........             (no amulet)
HPRegen  0.00/turn              (no ring)
MPRegen  0.13/turn              (no ring)

@: berserk cooldown, non-regenerating, diseased, slowed, very slow
A: unfitting armour, cold-blooded, AC +5
a: no special abilities


You were in the Dungeon.
You were not hungry.

You visited 1 branch

Inventory:

Scrolls
 h - a scroll of blinking
Potions
 c - a potion of curing
 e - a potion of haste
 f - 2 potions of magic
Comestibles
 b - a ration


   Skills:
 + Level 0.2 Fighting
 + Level 3.9 Dodging
 + Level 3.3 Stealth
 * Level 5.3 Spellcasting
 + Level 10.6 Conjurations


You had 13 spell levels left.
You knew the following spells:

 Your Spells              Type           Power        Failure   Level  Hunger
a - Magic Dart            Conj           ####         1%          1    None

Your spell library contained the following spells:

 Spells                   Type           Power        Failure   Level  Hunger
 Searing Ray              Conj           #####.       1%          2    #......
 Iskenderun's Mystic Bla  Conj           #####...     1%          4    ####...
 Dazzling Spray           Conj/Hex       ###...       4%          3    ###....
 Force Lance              Conj/Tloc      ###.....     17%         4    ####...
 Fulminant Prism          Conj/Hex       ###.......   17%         4    ####...


Dungeon Overview and Level Annotations

Branches:
Dungeon (1/1)

Altars:


Innate Abilities, Weirdness & Mutations

Your plain brown scales are hard. (AC +5)
You cannot fit into any form of body armour.
You are cold-blooded and may be slowed by cold attacks.


Message History

Aim: a necrophage (severely damaged)
The magic dart hits the necrophage!
You destroy the necrophage!
Your Spellcasting skill increases to level 5!
Your Conjurations skill increases to level 10!
The necrophage hits you.
You feel your flesh rotting away!
You closely miss the necrophage. The necrophage hits you.
You closely miss the necrophage. The necrophage hits you.
* * * LOW HITPOINT WARNING * * *
The necrophage hits you but does no damage.
You hit the necrophage but do no damage.
The necrophage barely misses you.
You hit the necrophage but do no damage.
The necrophage closely misses you. The necrophage barely misses you.
You barely miss the necrophage.
Your tail-slap misses the necrophage.
The necrophage hits you.
* * * LOW HITPOINT WARNING * * *
You closely miss the necrophage. The necrophage closely misses you.
The necrophage hits you.
You die...

## ##. ## w.
#w # w#. #
##. #+# .##
#$w.##.##...#
#+.<@n$#
#.w.##.##...#
##. #+# .## #
.$. # ..#m.
##. .## ## ##


You could see a necrophage.

Vanquished Creatures
  3 necrophages (D)
3 creatures vanquished.

Vanquished Creatures (others)
  Menkaure (D)
  A crocodile (D)
2 creatures vanquished.

Grand Total: 5 creatures vanquished

Notes
Turn   | Place    | Note
-------+----------+-------------------------------------------
     0 | D        | McKennaii the Draconian Conjurer began the quest for the
                  | Orb.
     0 | D        | Reached XP level 1. HP: 14/14 MP: 3/3
     1 | D        | Noticed a tyrant leech
     1 | D        | Noticed a tyrant leech
     9 | D        | Noticed a merfolk siren
    13 | D        | Noticed a necrophage
    13 | D        | Noticed a necrophage
    13 | D        | Noticed a necrophage
    13 | D        | Noticed a necrophage
    22 | D        | Killed a necrophage
    22 | D        | Reached skill level 8 in Conjurations
    22 | D        | Reached XP level 2. HP: 20/20 MP: 2/6
    22 | D        | Reached XP level 3. HP: 26/26 MP: 2/8
    22 | D        | Reached XP level 4. HP: 33/33 MP: 2/9
    24 | D        | Killed a crocodile
    30 | D        | Killed a necrophage
    30 | D        | Reached skill level 9 in Conjurations
    30 | D        | Reached XP level 5. HP: 24/37 MP: 2/11
    30 | D        | Killed Menkaure
    49 | D        | Killed a necrophage
    49 | D        | Reached skill level 5 in Spellcasting
    49 | D        | Reached skill level 10 in Conjurations
    55 | D        | Slain by a necrophage

Levels and vault maps discovered:
D:        the_violet_keep_of_menkaure [sprint2_stairs_cluster_1,
          sprint2_shoproom, sprint2_temple, sprint2_basic_supplies,
          sprint2_obstacle_2, sprint2_obstacle_7, sprint2_obstacle_6,
          sprint2_obstacle_4, sprint2_obstacle_5, sprint2_timed_cluster_1,
          sprint2_smallroom_cluster_1, sprint2_smallroom_final_cluster_1,
          sprint2_transparent_cluster_1, sprint2_second_timed_cluster_1,
          sprint2_sniper_area_1, sprint2_heavy_combat_area_1,
          sprint2_mutation_trap_area_1, sprint2_forest_area_1,
          sprint2_light_combat_area_1, sprint2_behind_water_1,
          sprint2_near_end_vault_1]

Skill      XL: |  1  2  3  4  5 |
---------------+----------------+-----
Dodging        | 2 3 |  3.9
Stealth        | 2 3 |  3.3
Spellcasting   | 3 4 5 |  5.3
Conjurations   | 8 9 10 | 10.6
Fighting       | |  0.2

Action                   |  1- 3 |  4- 6 || total
-------------------------+-------+-------++-------
Melee: Unarmed           |     5 |    22 ||    27
       Tailslap          |     1 |     2 ||     3
 Cast: Magic Dart        |       |     6 ||     6
  Use: Potion            |     1 |     1 ||     2
Armor: Skin              |     1 |     1 ||     2
Dodge: Dodged            |     1 |    20 ||    21
